AoeStats
← bysgame

Socotra

505007314Analyzed
3v3 RM · 26d ago on Sep 7, 2026· 39m 48s· 6 players
Game mode
Random Map
Map size
128×128
Population
200
Speed
Normal
Resources
Standard
Victory
Conquest
Starting age
Dark Age
Ending age
Imperial Age
RankedLock teamsTeams togetherTeam positionsShared explorationLock speedFull tech treeHidden civsTurbo modeCheats
Victory
Defeat
🇺🇸 Burgundians · United States
1061
+15
🇦🇷 Bulgarians · Argentina
1031
+16
🇺🇸 Japanese · United States
1022
+18
🇹🇼 Koreans · Taiwan
1053
-17
🇹🇼 Persians · Taiwan
1037
-16
🇹🇼 Spanish · Taiwan
1033
-16
victorod123
9:03 Loom
11:27 Feudal Age
17:32 Castle Age
15:48 Double-Bit Axe
15:46 Horse Collar
18:12 Cavalier
19:44 Gold Mining
20:21 Scale Barding Armor
22:52 Bow Saw
23:07 Forging
26:53 Heavy Plow
27:16 Stone Mining
29:22 Husbandry
30:29 Crop Rotation
31:37 Two-Man Saw
32:16 Chain Barding Armor
32:41 Wheelbarrow
33:28 Iron Casting
34:03 Hand Cart
34:53 Gold Shaft Mining
37:26 Imperial Age
37:30 Paladin
38:48 Plate Barding Armor
39:54 Blast Furnace
40:03 Burgundian Vineyards
_188_Lara88_Arg_
10:26 Feudal Age
11:17 Double-Bit Axe
14:06 Forging
13:57 Scale Mail Armor
15:53 Arson
22:16 Castle Age
22:11 Padded Archer Armor
22:01 Fletching
22:31 Elite Skirmisher
23:09 Bodkin Arrow
26:19 Wheelbarrow
26:00 Leather Archer Armor
26:36 Iron Casting
26:16 Squires
28:47 Loom
29:18 Hand Cart
30:11 Gambesons
30:50 Chain Mail Armor
36:35 Thumb Ring
39:45 Ballistics
stvmllc
3:01 Loom
11:59 Feudal Age
12:39 Man-at-Arms
13:10 Horse Collar
13:18 Double-Bit Axe
17:51 Arson
19:45 Fletching
25:38 Castle Age
25:32 Forging
25:23 Scale Mail Armor
28:24 Bodkin Arrow
28:45 Chain Mail Armor
29:05 Long Swordsman
29:31 Gambesons
30:20 Squires
29:41 Pikeman
29:51 Elite Skirmisher
33:12 Iron Casting
36:45 Padded Archer Armor
40:36 Leather Archer Armor
B-Monkey
5:19 Loom
11:39 Feudal Age
12:00 Horse Collar
12:07 Double-Bit Axe
13:01 Stone Mining
17:41 Man-at-Arms
23:27 Wheelbarrow
29:06 Castle Age
29:37 Gold Mining
30:20 Thumb Ring
30:12 Fletching
30:48 Bow Saw
31:15 Bodkin Arrow
30:45 Crossbowman
35:15 Forging
34:30 Long Swordsman
34:57 Gambesons
35:54 Scale Mail Armor
37:02 Iron Casting
37:01 Squires
38:11 Chain Mail Armor
ivanynnn
13:23 Feudal Age
17:13 Castle Age
15:13 Double-Bit Axe
21:08 Padded Archer Armor
29:37 Ballistics
30:18 Stone Mining
31:35 Bloodlines
31:25 Husbandry
33:48 Horse Collar
34:37 Leather Archer Armor
39:55 Imperial Age
39:07 Murder Holes
bysgame
6:36 Loom
12:25 Feudal Age
Connection lost

Rejoining the realm…

Still unreachable

The connection could not be restored.

Session expired

The server has moved on; the page needs a fresh start.